 Dungeon Crawl Stone Soup version 0.27-a0-416-gca2cecf3c0 (webtiles) character file.

Game seed: 9499795813363847462

159 Nattfarinn the Gusty (level 5, 0/28 HPs)
             Began as a Tengu Air Elementalist on Feb 25, 2021.
             Slain by Grinder (1 damage)
             ... on level 3 of the Dungeon.
             The game lasted 00:09:20 (3257 turns).

Nattfarinn the Gusty (Tengu Air Elementalist)       Turns: 3257, Time: 00:09:20

Health: 0/28       AC:  5    Str:  8    XL:     5   Next: 40%
Magic:  1/12       EV: 15    Int: 16    God:
Gold:   210        SH:  0    Dex: 15    Spells: 7/12 levels left

rFire    . . .     SeeInvis .   d - +3 dagger (protect)
rCold    . . .     Faith    .   (no shield)
rNeg     . . .     Spirit   .   a - +0 robe
rPois    .         Reflect  .   (helmet restricted)
rElec    .         Harm     .   (no cloak)
rCorr    .         Rampage  .   h - +2 pair of gloves
Will     .....                  (boots unavailable)
Stlth    ++........             (no amulet)
HPRegen  0.09/turn              (no ring)
MPRegen  0.13/turn              (no ring)

@: flying quickly and evasively, very slightly contaminated, invisible, quick
A: beak, talons 3, able to fly
a: Stop Flying


You were on level 3 of the Dungeon.
You visited 1 branch of the dungeon, and saw 3 of its levels.

You collected 210 gold pieces.

Inventory:

Hand Weapons
 d - a +3 dagger of protection (weapon)
Armour
 a - a +0 robe (worn)
 h - a +2 pair of gloves (worn)
Scrolls
 f - a scroll of amnesia {unknown}
 j - 3 scrolls of identify
 k - a scroll of teleportation {unknown}
Potions
 g - 2 potions of attraction
 m - a potion of brilliance {unknown}


   Skills:
 - Level 2.1 Dodging
 - Level 2.0 Stealth
 - Level 4.1 Spellcasting
 - Level 1.3 Conjurations
 + Level 5.8 Air Magic


You had 7 spell levels left.
You knew the following spells:

 Your Spells              Type           Power        Failure   Level
a - Shock                 Conj/Air       56%          3%          1
b - Airstrike             Air            10%          16%         4

Your spell library contained the following spells:

 Spells                   Type           Power        Failure   Level
 Swiftness                Air            21%          2%          2
 Static Discharge         Conj/Air       14%          12%         3
 Lightning Bolt           Conj/Air       7%           71%         5


Dungeon Overview and Level Annotations

Branches:
Dungeon (3/15)

Altars:
Ashenzari
Cheibriados
Xom

Annotations:
D:3 Grinder


Innate Abilities, Weirdness & Mutations

You have a beak for a mouth.
You have claws for feet.
You can fly continuously.


Message History

You hit the frilled lizard.
Your weapon exudes an aura of protection.
You kill the frilled lizard!
Casting: Airstrike (extremely dangerous; 16% risk of failure)
Confirm with . or Enter, or press ? or * to list all spells.
You don't know that spell.
Casting: Airstrike (extremely dangerous; 16% risk of failure)
Confirm with . or Enter, or press ? or * to list all spells.
The spell is extremely dangerous to cast (16% risk of failure)!
Continue anyway?
Aiming: Airstrike (extremely dangerous; 16% risk of failure)
Press: ? - help, Dir - move target, f/p - Grinder
Aim: Grinder (moderately wounded)
The air twists around and strikes Grinder!
Grinder is heavily wounded.
Grinder closely misses you.
Casting: Airstrike (extremely dangerous; 16% risk of failure)
Confirm with . or Enter, or press ? or * to list all spells.
The spell is extremely dangerous to cast (16% risk of failure)!
Continue anyway?
Aiming: Airstrike (extremely dangerous; 16% risk of failure)
Press: ? - help, Dir - move target, f/p - Grinder
Aim: Grinder (heavily wounded)
You miscast Airstrike.
You are very lightly contaminated with residual magic.
You are caught in an explosion of electrical discharges!
Grinder gestures at you.
You suddenly lose the ability to move!
Grinder hits you.
You writhe in agony.
Grinder gestures at you.
You shrug off the repeated paralysis!
Grinder hits you!
* * * LOW HITPOINT WARNING * * *
You writhe in agony.
* * * LOW HITPOINT WARNING * * *
You can move again.
It was a potion of invisibility.
You fade into invisibility!
Grinder hits you.
* * * LOW HITPOINT WARNING * * *
You writhe in agony.
You die...

##### ..#.. # ###.#.###
.# ..<#.#.##.#
..#.####.#.#..#.#####
#..........5.........
#....###.#.#....#####
##. #5#.##.### #@#.##.#
#### .......?#[#..# #...
#.###.###.#.#########...
.....................
###.#...###########...
#..... #... #.#.. #### #
###


You could see Grinder.

Vanquished Creatures
  2 orc wizards (D:3)
  3 adders (D:2)
  An ooze (D:1)
  6 orcs (D:3)
  A ball python (D:2)
  7 bats
  6 giant cockroaches
  4 goblins
  6 hobgoblins
  3 jackals (D:3)
  4 frilled lizards
  8 kobolds
  2 rats
53 creatures vanquished.

Vanquished Creatures (others)
  An orc wizard (D:3)
1 creature vanquished.

Grand Total: 54 creatures vanquished

Notes
Turn   | Place    | Note
-------+----------+-------------------------------------------
     0 | D:1      | Nattfarinn the Tengu Air Elementalist began the quest for
                  | the Orb.
     0 | D:1      | Reached XP level 1. HP: 10/10 MP: 4/4
   251 | D:1      | Reached XP level 2. HP: 15/15 MP: 0/6
   955 | D:1      | Reached XP level 3. HP: 15/19 MP: 5/8
  1610 | D:2      | Reached XP level 4. HP: 24/24 MP: 5/10
  1712 | D:2      | Found a broken altar of Ashenzari.
  2578 | D:3      | Found a snail-covered altar of Cheibriados.
  2961 | D:3      | Reached skill level 5 in Air Magic
  2961 | D:3      | Gained mutation: You can fly continuously. [Tengu growth]
  2961 | D:3      | Reached XP level 5. HP: 18/28 MP: 0/12
  3154 | D:3      | Found a shimmering altar of Xom.
  3154 | D:3      | Found a shimmering altar of Xom.
  3156 | D:3      | Found a shimmering altar of Xom.
  3161 | D:3      | Found a shimmering altar of Xom.
  3162 | D:3      | Found a shimmering altar of Xom.
  3236 | D:3      | Noticed Grinder
  3244 | D:3      | Learned a level 4 spell: Airstrike
  3253 | D:3      | Paralysed by Grinder for 4 turns
  3257 | D:3      | HP: 1/28 [Grinder (1)]
  3257 | D:3      | Slain by Grinder

Illustrated notes

Levels and vault maps discovered:
D:1:      amcnicky_arrival_underground_garden, layout_basic, minivault_24
D:2:      layout_basic, lemuel_doored_altar
D:3:      layout_basic, lightli_temple_of_fire, xom_redecorated,
          cheibriados_altar_1, uniq_sigmund, uniq_natasha, uniq_grinder

Skill      XL: |  1  2  3  4 |
---------------+-------------+-----
Spellcasting   | 3 4 |  4.1
Air Magic      | 5 |  5.8
Dodging        | |  2.1
Stealth        | |  2.0
Conjurations   | |  1.3

Action                   |  1- 3 |  4- 6 || total
-------------------------+-------+-------++-------
Melee: Unarmed           |     4 |       ||     4
       Kick              |     4 |     1 ||     5
       Dagger            |    10 |     8 ||    18
       Peck              |     1 |       ||     1
 Cast: Shock             |    72 |    57 ||   129
       Airstrike         |       |     2 ||     2
 Abil: Fly               |       |     1 ||     1
  Use: Scroll            |       |     4 ||     4
       Potion            |       |     4 ||     4
Armor: Robe              |     8 |     7 ||    15
Dodge: Dodged            |    26 |    11 ||    37

Table legend: (Time is in decaauts)
 A = Elapsed time spent in this place.
 B = Non-inter-level travel time spent in this place.
 C = Inter-level travel time spent in this place.
 D = Time resting spent in this place.
 E = Time spent auto-exploring this place.
 F = Levels seen in this place.
 G = Mean time per level.
                   A        B        C        D        E       F      G
               +--------+--------+--------+--------+--------+-----+--------+
         Total |   3244 |   3158 |     86 |   1080 |   1709 |   3 | 1081.3 |
       Dungeon |   3244 |   3158 |     86 |   1080 |   1709 |   3 | 1081.3 |
               +--------+--------+--------+--------+--------+-----+--------+

Top non-repeatable levels by time:
     D:2: 1298 daAuts
     D:1: 1191 daAuts
     D:3: 753 daAuts
